Unix NetHack Version 5.0.0-0 post-release - last build May 10 2026 23:12:36 (d1fa5d53e341ca933230fdaa984d921c805b60aa,branch:main).

Game began 2026-05-16 20:51:06, ended 2026-05-16 21:12:15.

IanCurtis, chaotic male elven Wizard

                                         ----------------      -------
           ---+------         ------     |..............|      |.....|
           |........|        #.....|     |..............|      |.....|
           |........-#########|.....#    |`.............|      |.....|
       ####........<|        #|....|#    -|-----.-|------      |..}...#
       #   ---|------        #------#     ^     ###           #......|#
       #      #              ##o#)@######         #         ###|.....|#
       #      #                ##   #   ###``######         #  |.....|#
       #      #                 #   ##       ## #######%### #  -------#
       #      ##           ---  #    ## ######    ######  #########   #
       #       ###        --.-- #     ##-.---#         #    #     ##  #
 ------#       --.---    --...--#      #|..(|#         #   ##      ####
 |....|#       |....-####..=_+.-#      #....|#         #   #        ##--------
 |..{.|#       |....|    --._.--        |{..|#      ---.---#        ##.......|
 |....|#       |....|     --.--         |...|#      |>.....#          |......|
 |..(*-#       ------      ---          -----#######......|           |......|
 ------                                             |.....|           --------
                                                    |.....|
                                                    -------

IanCurtis the Conjurer    St:12 Dx:14 Co:15 In:16 Wi:10 Ch:10  Chaotic
Dlvl:6  $:85 HP:0(26) Pw:51(55) AC:9  Xp:5 T:3185 

Latest messages:
 C - an uncursed effervescent potion.
 What do you want to read? [i-mtuyzAEOPVYZ or ?*] E
 This spellbook is difficult to comprehend.  Continue? [yn] (n) y
 You begin to memorize the runes.
 You add the "create monster" spell to your repertoire, as 'f'.
 An uncursed spellbook of create monster lands on the altar.
 An uncursed spellbook of extra healing lands on the altar.
 There is an amber flash as a blessed spellbook of force bolt hits the altar.
 An uncursed spellbook of knock lands on the altar.
 Your movements are now unencumbered.
 An uncursed spellbook of magic mapping lands on the altar.
 An uncursed spellbook of magic missile lands on the altar.
 What do you want to drop? [$a-kn-zB-DHMOQ-UYZ or ?*] ?
 There is a black flash as a cursed brass ring named cursed hits the altar.
 The kitten picks up an uncursed novel named Mort.
 The kitten drops an uncursed novel named Mort.
 You feel full of energy.
 There's some graffiti on the floor here.
 You read: "The? say th?t a  ?roll o? summor?n? has othe? n?me?."
 You see here an uncursed novel named Mort.
 You hear a gurgling noise.
 You try to move the boulder, but in vain.
 You try to move the boulder, but in vain.
 With great effort you move the boulder.
 You try to move the boulder, but in vain.
 You swap places with your kitten.
 You swap places with your kitten.
 You descend the stairs.
 Please move the cursor to a monster, object or location.
 (For instructions type a '?')
 In what direction? n
 The spell hits the gnome king!
 The gnome king drinks a cloudy potion!
 The gnome king rises up, through the ceiling!
 Call a cloudy potion: gain level
 The giant spider bites!
 The giant spider's bite was poisoned!
 The kitten is caught in a spider web.
 You climb up the stairs.
 You stop searching.
 In what direction? h
 The spell hits the gnome king!
 You kill the gnome king!
 You are carrying too much to get through.
 The Uruk-hai drinks a potion called gain level!
 The Uruk-hai seems more experienced.
 The Uruk-hai shoots 2 poisoned crude arrows!
 You are hit by the 1st poisoned crude arrow.
 The poison was deadly...
 Do you want your possessions identified? [ynq] (y) q

Inventory:
 Coins    ('$')
  $ - 85 gold pieces
 Weapons  (')')
  a - a blessed +1 quarterstaff (weapon in hands)
  v - the +1 Werebane
 Armor    ('[')
  x - an uncursed rusty +0 orcish helm (being worn)
  b - a blessed +0 cloak of magic resistance (being worn)
 Comestibles  ('%')
  U - an uncursed candy bar labeled "Apollo"
  T - 2 uncursed food rations
  S - 2 uncursed tins of sauteed newt meat
  q - 2 uncursed lichen corpses
 Scrolls  ('?')
  y - an uncursed scroll of amnesia
  j - a blessed scroll of blank paper
  z - an uncursed scroll of confuse monster
  O - a cursed scroll of confuse monster
  t - an uncursed scroll of create monster
  k - a blessed scroll of enchant weapon
  Y - an uncursed scroll of fire
  u - an uncursed scroll of light
  i - an uncursed scroll of scare monster
  Z - an uncursed scroll of teleportation
 Potions  ('!')
  h - an uncursed potion of extra healing
  M - an uncursed potion of fruit juice
  C - an uncursed potion of gain ability
  r - 4 uncursed potions of healing
  D - a blessed potion of monster detection
  s - a blessed potion of object detection
  f - an uncursed potion of object detection
  R - 2 uncursed potions of sleeping
  g - an uncursed potion of water
 Rings    ('=')
  e - an uncursed ring of regeneration
  d - an uncursed ring of slow digestion (on right hand)
 Wands    ('/')
  w - a wand of cold (0:7)
  c - a wand of sleep (0:4)
  H - a wand of striking (0:8)
 Tools    ('(')
  p - an uncursed leather drum
  o - an uncursed blindfold
  Q - a can of grease (0:16)
  n - a magic marker (0:21)

IanCurtis the Wizard's attributes:

Background:
 You were a Conjurer, a level 5 male elven Wizard.
 You were chaotic, on a mission for Anhur
 who was opposed by Ptah (lawful) and Thoth (neutral).
 You were right-handed.
 You were in the Dungeons of Doom, on level 6.
 You entered the dungeon 3185 turns ago.
 There was a new moon in effect when your adventure ended.
 You had 272 experience points, 48 more were needed to attain level 6.

Basics:
 You had 0 out of 26 hit points.
 You had 51 out of 55 energy points (spell power).
 Your armor class was 9.
 Your wallet contained 85 zorkmids.
 Autopickup was off.

Final Characteristics:
 Your strength was 12 (limit:18).
 Your dexterity was 14 (limit:18).
 Your constitution was 15 (limit:16).
 Your intelligence was 16 (limit:20).
 Your wisdom was 10 (limit:20).
 Your charisma was 10 (limit:18).

Final Status:
 You weren't hungry.
 You were unencumbered.
 You were wielding a quarterstaff.
 You had basic skill with quarterstaff.

Final Attributes:
 You were piously aligned.
 You were magic-protected.
 You were sleep resistant.
 You were telepathic.
 You had infravision.
 You had slower digestion.
 You were warded.
 You are dead.

Miscellaneous:
 You didn't encounter any bones levels.
 Total elapsed playing time was 21 minutes and 8 seconds.

Major events:
 Turn
    1: IanCurtis the chaotic male elven Wizard entered the dungeon
  500: found Werebane on the floor
  869: attained the rank of Conjurer (level 3)
 1635: entered the Gnomish Mines
 1976: read a Discworld novel
 3185: poisoned by an orcish arrow

Spells:
 Name                 Level Category     Fail Retention
 force bolt             1   attack         0%   81%-90%
 extra healing          3   healing      100%  76%-100%
 knock                  1   matter         0%  76%-100%
 magic mapping          5   divination   100%  76%-100%
 magic missile          2   attack         0%  91%-100%
 create monster         2   clerical      70%  76%-100%

Skills:
 Fighting Skills
   bare handed combat [Unskilled]
   riding             [Unskilled]
 Weapon Skills
   dagger             [Unskilled]
   knife              [Unskilled]
   axe                [Unskilled]
   short sword        [Unskilled]
   club               [Unskilled]
   mace               [Unskilled]
   quarterstaff       [Basic]
   polearms           [Unskilled]
   spear              [Unskilled]
   trident            [Unskilled]
   sling              [Unskilled]
   dart               [Unskilled]
   shuriken           [Unskilled]
 Spellcasting Skills
   attack spells      [Basic]
   healing spells     [Unskilled]
   divination spells  [Unskilled]
   enchantment spells [Basic]
   clerical spells    [Unskilled]
   escape spells      [Unskilled]
   matter spells      [Unskilled]

Voluntary challenges:
 Character rerolling was not enabled.
 You never genocided any monsters.
 You never polymorphed an object.
 You never changed form.
 You used no wishes.
Achievements:
 You entered a shop.
 You attained the rank of Conjurer.
 You entered the Gnomish Mines.
 You read from a Discworld novel.

 The Dungeons of Doom: levels 1 to 7
    Level 1: "vault"
    Level 2:
       A wand shop.
    Level 3:
       A general store, a grave.
    Level 4:
       Some shops, a fountain.
       Stairs down to The Gnomish Mines.
    Level 5:
       A scroll shop.
    Level 6: <- You were here.
       Many altars, a fountain, a sink.
       Final resting place for
          you, poisoned by an orcish arrow.
    Level 7:
 The Gnomish Mines:
    Level 5:


Vanquished creatures:
  a leprechaun
  a gnome ruler
  a shrieker
  a gray ooze
  a ghoul
  2 floating eyes
  a kitten
  a centipede
  3 giant bats
  a wererat
 an acid blob
  a hobbit
  3 manes
  a large kobold
  2 giant rats
  a green mold
  2 gnomes
  2 geckos
  4 jackals
  a kobold
  3 goblins
  2 sewer rats
  3 grid bugs
  2 bats
  3 lichens
  a kobold zombie
  7 newts
52 creatures vanquished.

No species were genocided or became extinct.

Game over:
                       ----------
                      /          \
                     /    REST    \
                    /      IN      \
                   /     PEACE      \
                  /                  \
                  |    IanCurtis     |
                  |      85 Au       |
                  |  poisoned by an  |
                  |   orcish arrow   |
                  |                  |
                  |                  |
                  |       2026       |
                 *|     *  *  *      | *
        _________)/\\_//(\/(/\)/\//\/|_)_______

Goodbye IanCurtis the Wizard...

You were poisoned in The Dungeons of Doom on dungeon level 6 with 1475 points,
and 85 pieces of gold, after 3185 moves.
You were level 5 with a maximum of 26 hit points when you were poisoned.

